NCAA
GEORGIA TECH YELLOW JACKETS @ TEXAS LONGHORNS
05/22/2024
 
TOP OF THE 1ST
Georgia Tech Yellow Jackets batting - Pitching for Texas Longhorns : RHP Fernando Castillo
Pitching: RHP Fernando Castillo
Batting: LHB Mike Harris 0-0: Ball
1-0: Called Strike
1-1: Ball
2-1: Foul Ball, location: 2F
2-2: Foul Ball, location: 2F
2-2: Strikes out swinging
Batting: SHB Ramón Valdés 0-0: Ball
1-0: Foul Ball, location: 2F
1-1: Foul Ball, location: 2F
1-2: Ball
2-2: Ground out 6-3 (Groundball, 6M)
Batting: LHB Héctor Soto 0-0: Called Strike
0-1: Fly out, F8 (Flyball, 8RM)
Top of the 1st over - 0 run(s), 0 hit(s), 0 error(s), 0 left on base; Georgia Tech 0 - Texas 0
BOTTOM OF THE 1ST
Texas Longhorns batting - Pitching for Georgia Tech Yellow Jackets : RHP Isaac Pope
Pitching: RHP Isaac Pope
Batting: LHB Jon Rogers 0-0: Ground out 4-3 (Groundball, 4)
Batting: RHB Rich Henley 0-0: Swinging Strike
0-1: Ball
1-1: Foul Ball, location: 2F
1-2: Ball
2-2: Foul Ball, location: 2F
2-2: Foul Ball, location: 2F
2-2: Ball
3-2: Strikes out looking
Batting: LHB Gabriel Ortíz 0-0: Fly out, F8 (Flyball, 8LM)
Bottom of the 1st over - 0 run(s), 0 hit(s), 0 error(s), 0 left on base; Georgia Tech 0 - Texas 0
TOP OF THE 2ND
Georgia Tech Yellow Jackets batting - Pitching for Texas Longhorns : RHP Fernando Castillo
Batting: RHB Brian Cannon 0-0: Ball
1-0: Swinging Strike
1-1: Ball
2-1: Foul Ball, location: 2F
2-2: Foul Ball, location: 2F
2-2: Foul Ball, location: 2F
2-2: Ball
3-2: Strikes out swinging
Batting: RHB Luis Antonio Cuevas 0-0: Called Strike
0-1: Ball
1-1: Ball
2-1: Swinging Strike
2-2: Ball
3-2: Foul Ball, location: 2F
3-2: Base on Balls
Batting: RHB Jonny Lord 0-0: Ball
1-0: Swinging Strike
1-1: Foul Ball, location: 2F
1-2: Ball
2-2: Foul Ball, location: 2F
2-2: Strikes out looking
Batting: RHB John Smith 0-0: Ball
1-0: Ball
2-0: Called Strike
2-1: Called Strike
2-2: Ground out 5-3 (Groundball, 5S)
Top of the 2nd over - 0 run(s), 0 hit(s), 0 error(s), 1 left on base; Georgia Tech 0 - Texas 0
BOTTOM OF THE 2ND
Texas Longhorns batting - Pitching for Georgia Tech Yellow Jackets : RHP Isaac Pope
Batting: LHB Ernesto López 0-0: SINGLE (Groundball, 4M)
Batting: LHB Gerald Galloway 0-0: Ball
1-0: Foul Ball, location: 2F
1-1: Fly out, F9 (Flyball, 9M)
Batting: RHB Shane O'Higgins 0-0: Called Strike
Ernesto López is caught stealing 2nd base
0-1: Ball
1-1: Fly out, F4 (Line Drive, 34)
Bottom of the 2nd over - 0 run(s), 1 hit(s), 0 error(s), 0 left on base; Georgia Tech 0 - Texas 0
TOP OF THE 3RD
Georgia Tech Yellow Jackets batting - Pitching for Texas Longhorns : RHP Fernando Castillo
Batting: RHB Pete McKee 0-0: Foul Ball, location: 2F
0-1: Called Strike
0-2: Ball
1-2: Strikes out swinging
Batting: RHB Pedro Fernández 0-0: Called Strike
0-1: Foul Ball, location: 2F
0-2: Ball
1-2: Fly out, F3 (Popup, 3F)
Batting: LHB Mike Harris 0-0: TRIPLE (Line Drive, 3L)
Batting: SHB Ramón Valdés 0-0: Foul Ball, location: 2F
0-1: Ball
1-1: Foul Ball, location: 2F
1-2: Ball
2-2: Ground out 4-3 (Groundball, 34)
Top of the 3rd over - 0 run(s), 1 hit(s), 0 error(s), 1 left on base; Georgia Tech 0 - Texas 0
BOTTOM OF THE 3RD
Texas Longhorns batting - Pitching for Georgia Tech Yellow Jackets : RHP Isaac Pope
Batting: SHB Ron Taylor 0-0: Called Strike
0-1: Ball
1-1: Called Strike
1-2: Foul Ball, location: 2F
1-2: Foul Ball, location: 2F
1-2: Foul Ball, location: 2F
1-2: Strikes out swinging
Batting: RHB Jeff Blanton 0-0: Ball
1-0: Called Strike
1-1: Foul Ball, location: 2F
1-2: Strikes out looking
Batting: RHB Eugene Salazar 0-0: Ball
1-0: Ball
2-0: Ground out 5-3 (Groundball, 56)
Bottom of the 3rd over - 0 run(s), 0 hit(s), 0 error(s), 0 left on base; Georgia Tech 0 - Texas 0
TOP OF THE 4TH
Georgia Tech Yellow Jackets batting - Pitching for Texas Longhorns : RHP Fernando Castillo
Batting: LHB Héctor Soto 0-0: Foul Ball, location: 2F
0-1: Ball
1-1: Called Strike
1-2: Strikes out looking
Batting: RHB Brian Cannon 0-0: SINGLE (Groundball, 56)
Batting: RHB Luis Antonio Cuevas 0-0: Ball
1-0: Foul Ball, location: 2F
1-1: Foul Ball, location: 2F
1-2: Foul Ball, location: 2F
1-2: Fly out, F8 (Flyball, 8RM)
Batting: RHB Jonny Lord 0-0: Ball
1-0: Called Strike
1-1: Foul Ball, location: 2F
1-2: Hit by Pitch
Brian Cannon to second
Pinch Runner at 1st Paul White:
Batting: RHB John Smith 0-0: Called Strike
0-1: Called Strike
0-2: Ball
1-2: Foul Ball, location: 2F
1-2: Fielders Choice at 2nd, U6 (Groundball, 6M)
Top of the 4th over - 0 run(s), 1 hit(s), 0 error(s), 2 left on base; Georgia Tech 0 - Texas 0
BOTTOM OF THE 4TH
Texas Longhorns batting - Pitching for Georgia Tech Yellow Jackets : RHP Isaac Pope
Now at 2B: Paul White
Batting: LHB Jon Rogers 0-0: Ground out 3-1 (Groundball, 34)
Batting: RHB Rich Henley 0-0: Called Strike
0-1: Foul Ball, location: 2F
0-2: Fly out, F7 (Flyball, 78M)
Batting: LHB Gabriel Ortíz 0-0: Swinging Strike
0-1: Called Strike
0-2: Strikes out swinging
Bottom of the 4th over - 0 run(s), 0 hit(s), 0 error(s), 0 left on base; Georgia Tech 0 - Texas 0
TOP OF THE 5TH
Georgia Tech Yellow Jackets batting - Pitching for Texas Longhorns : RHP Fernando Castillo
Batting: RHB Pete McKee 0-0: Bunted foul
0-1: Ball
1-1: Called Strike
1-2: Ball
2-2: Ground out 4-3 (Groundball, 4)
Batting: RHB Pedro Fernández 0-0: Called Strike
0-1: Ball
1-1: Ball
2-1: Called Strike
2-2: SINGLE (Groundball, 34)
Pitching: RHP Mike Clark
Batting: LHB Mike Harris 0-0: SINGLE (Line Drive, 3D)
Pedro Fernández to second
Runner from 2nd tries for 3rd, OUT!
Mike Harris to second
Batting: SHB Ramón Valdés 0-0: Ball
1-0: Ball
2-0: Ball
3-0: Base on Balls
Batting: LHB Héctor Soto 0-0: Ball
1-0: Foul Ball, location: 2F
1-1: Ball
2-1: Foul Ball, location: 2F
2-2: Foul Ball, location: 2F
2-2: Ground out 3-1 (Groundball, 34)
Top of the 5th over - 0 run(s), 2 hit(s), 0 error(s), 2 left on base; Georgia Tech 0 - Texas 0
BOTTOM OF THE 5TH
Texas Longhorns batting - Pitching for Georgia Tech Yellow Jackets : RHP Isaac Pope
Batting: LHB Ernesto López 0-0: Ball
1-0: Ball
2-0: Called Strike
2-1: Foul Ball, location: 2F
2-2: Ball
3-2: Base on Balls
Batting: LHB Gerald Galloway 0-0: Ball
Ernesto López is caught stealing 2nd base
1-0: Ball
2-0: Ball
3-0: Called Strike
3-1: Called Strike
3-2: SINGLE (Flyball, 89S)
Batting: RHB Shane O'Higgins 0-0: Grounds into double play, 1-6-3 (Groundball, 15S)
Bottom of the 5th over - 0 run(s), 1 hit(s), 0 error(s), 0 left on base; Georgia Tech 0 - Texas 0
TOP OF THE 6TH
Georgia Tech Yellow Jackets batting - Pitching for Texas Longhorns : RHP Mike Clark
Batting: RHB Brian Cannon 0-0: Foul Ball, location: 2F
0-1: Ball
1-1: Foul Ball, location: 2F
1-2: SINGLE (Flyball, 89S)
Batting: RHB Luis Antonio Cuevas 0-0: Grounds into double play, 4-6-3 (Groundball, 4)
Batting: RHB Paul White 0-0: Ball
1-0: Ball
2-0: Swinging Strike
2-1: SINGLE (Groundball, 56)
Batting: RHB John Smith 0-0: Ball
Pickoff Throw by Catcher to First - Out!
Top of the 6th over - 0 run(s), 2 hit(s), 0 error(s), 0 left on base; Georgia Tech 0 - Texas 0
BOTTOM OF THE 6TH
Texas Longhorns batting - Pitching for Georgia Tech Yellow Jackets : RHP Isaac Pope
Batting: SHB Ron Taylor 0-0: Ball
1-0: Called Strike
1-1: Ball
2-1: SINGLE (Groundball, 34S)
Batting: RHB Jeff Blanton 0-0: Called Strike
0-1: Ball
1-1: Fly out, F8 (Flyball, 8RM)
Batting: RHB Eugene Salazar 0-0: Called Strike
0-1: Fly out, F6 (Popup, 6S)
Batting: LHB Jon Rogers 0-0: Ball
1-0: Ball
2-0: Called Strike
2-1: Ball
3-1: Foul Ball, location: 2F
3-2: SINGLE (Flyball, 8LS)
Ron Taylor to second
Ron Taylor to third
Batting: RHB Rich Henley 0-0: Called Strike
0-1: Called Strike
0-2: Ball
1-2: Foul Ball, location: 2F
1-2: Strikes out swinging
Bottom of the 6th over - 0 run(s), 2 hit(s), 0 error(s), 2 left on base; Georgia Tech 0 - Texas 0
TOP OF THE 7TH
Georgia Tech Yellow Jackets batting - Pitching for Texas Longhorns : RHP Mike Clark
Batting: RHB John Smith 0-0: SOLO HOME RUN (Flyball, 7D), Distance : 355 ft
Batting: RHB Pete McKee 0-0: Ball
1-0: Ball
2-0: Foul Ball, location: 2F
2-1: Called Strike
2-2: Ball
3-2: Foul Ball, location: 2F
3-2: Base on Balls
Batting: RHB Pedro Fernández 0-0: Sac Bunt - play at first, batter OUT! 2-4
Pete McKee to second
Pitching: RHP Claudio Mata
Batting: LHB Mike Harris 0-0: Fly out, F8 (Flyball, 8RD)
Batting: SHB Ramón Valdés 0-0: Called Strike
0-1: Ball
1-1: Foul Ball, location: 2F
1-2: Ball
2-2: Fly out, F7 (Flyball, 7M)
Top of the 7th over - 1 run(s), 1 hit(s), 0 error(s), 1 left on base; Georgia Tech 1 - Texas 0
BOTTOM OF THE 7TH
Texas Longhorns batting - Pitching for Georgia Tech Yellow Jackets : RHP Isaac Pope
Batting: LHB Gabriel Ortíz 0-0: Ball
1-0: Swinging Strike
1-1: Swinging Strike
1-2: Strikes out swinging
Batting: LHB Ernesto López 0-0: Ball
1-0: Called Strike
1-1: Ball
2-1: Ball
3-1: Base on Balls
Pitching: LHP Michael Stewart
Batting: LHB Gerald Galloway 0-0: Called Strike
0-1: Ball
1-1: Called Strike
1-2: Strikes out swinging
Batting: RHB Shane O'Higgins 0-0: Ball
Ernesto López is caught stealing 2nd base
Bottom of the 7th over - 0 run(s), 0 hit(s), 0 error(s), 0 left on base; Georgia Tech 1 - Texas 0
TOP OF THE 8TH
Georgia Tech Yellow Jackets batting - Pitching for Texas Longhorns : RHP Claudio Mata
Batting: LHB Héctor Soto 0-0: Called Strike
0-1: Foul Ball, location: 2F
0-2: Ball
1-2: Ball
2-2: Strikes out looking
Batting: RHB Brian Cannon 0-0: Ball
1-0: Ball
2-0: Ball
3-0: Base on Balls
Batting: RHB Luis Antonio Cuevas 0-0: Ball
1-0: Ball
2-0: Ball
3-0: Called Strike
3-1: Base on Balls
Brian Cannon to second
Batting: RHB Paul White 0-0: Ball
1-0: Ball
2-0: Called Strike
2-1: Ball
3-1: Foul Ball, location: 2F
3-2: Ground out 5-3 (Groundball, 5S)
Brian Cannon to third
Luis Antonio Cuevas to second
Batting: RHB John Smith 0-0: DOUBLE (Line Drive, 89M)
Brian Cannon scores
Luis Antonio Cuevas scores
Batting: RHB Pete McKee 0-0: Fly out, F9 (Flyball, 9LM)
Top of the 8th over - 2 run(s), 1 hit(s), 0 error(s), 1 left on base; Georgia Tech 3 - Texas 0
BOTTOM OF THE 8TH
Texas Longhorns batting - Pitching for Georgia Tech Yellow Jackets : LHP Michael Stewart
Batting: RHB Shane O'Higgins 0-0: SINGLE (Line Drive, 56)
Pitching: RHP Adam Knight
Batting: SHB Ron Taylor 0-0: Ball
1-0: Foul Ball, location: 2F
1-1: Ball
2-1: 2-RUN HOME RUN (Flyball, 89XD), Distance : 364 ft
Batting: RHB Jeff Blanton 0-0: Ball
1-0: Ground out 5-3 (Groundball, 15S)
Batting: RHB Eugene Salazar 0-0: Foul Ball, location: 2F
0-1: Foul Ball, location: 2F
0-2: Ball
1-2: Strikes out looking
Pitching: LHP Juan Jose Hinojosa
Batting: LHB Jon Rogers 0-0: Called Strike
0-1: Swinging Strike
0-2: Ball
1-2: TRIPLE (Flyball, 89XD)
Pitching: RHP Bartolo Méndez
Batting: RHB Rich Henley 0-0: Foul Ball, location: 2F
0-1: Ball
1-1: SINGLE (Line Drive, 78S)
Jon Rogers scores
Batting: LHB Gabriel Ortíz 0-0: Called Strike
0-1: Swinging Strike
0-2: Ball
1-2: SINGLE (Groundball, 56D)
Rich Henley to second
Batting: LHB Ernesto López 0-0: Swinging Strike
0-1: SINGLE (Line Drive, 78M)
Rich Henley to third
Gabriel Ortíz to second
Batting: LHB Gerald Galloway 0-0: Fly out, F9 (Popup, 9S)
Bottom of the 8th over - 3 run(s), 6 hit(s), 0 error(s), 3 left on base; Georgia Tech 3 - Texas 3
TOP OF THE 9TH
Georgia Tech Yellow Jackets batting - Pitching for Texas Longhorns : RHP Claudio Mata
Pitching: LHP Alejandro Flores
Pinch Hitting: RHB Joe Atkinson 0-0: Ball
1-0: SINGLE (Line Drive, 78M)
Batting: LHB Mike Harris 0-0: Foul Ball, location: 2F
0-1: Foul Ball, location: 2F
0-2: SINGLE (Line Drive, 6D)
Joe Atkinson to second
Batting: SHB Ramón Valdés 0-0: Called Strike
0-1: Sac Bunt - play at first, batter OUT! 1-4
Joe Atkinson to third
Mike Harris to second
Batting: LHB Héctor Soto 0-0: Ball
1-0: Ball
2-0: Ball
3-0: Called Strike
3-1: Foul Ball, location: 2F
3-2: Foul Ball, location: 2F
3-2: Foul Ball, location: 2F
3-2: Foul Ball, location: 2F
3-2: Foul Ball, location: 2F
3-2: Strikes out swinging
Batting: RHB Brian Cannon 0-0: Foul Ball, location: 2F
0-1: Ground out U3 (Groundball, 3S)
Top of the 9th over - 0 run(s), 2 hit(s), 0 error(s), 2 left on base; Georgia Tech 3 - Texas 3
BOTTOM OF THE 9TH
Texas Longhorns batting - Pitching for Georgia Tech Yellow Jackets : RHP Bartolo Méndez
Now at 1B: Rodrigo Carballeira
Batting: RHB Shane O'Higgins 0-0: Ball
1-0: Called Strike
1-1: Ball
2-1: Ball
3-1: Base on Balls
Batting: SHB Ron Taylor 0-0: SINGLE (Flyball, 8LS)
Shane O'Higgins to second
Runner from 2nd tries for 3rd, SAFE, no throw or cutoff
Batting: RHB Jeff Blanton 0-0: Called Strike
0-1: 3-RUN HOME RUN (Flyball, 7D), Distance : 344 ft
This league is powered by Out of the Park Baseball, the baseball management simulation game for PC, Mac and Linux
Saturday, April 9th, 2016 - OOTP Baseball 16.8 Build 38